 Dungeon Crawl Stone Soup version 0.32-a0-868-g153ae1a8d6 (webtiles) character file.

Game seed: 10843697249153010428

12859 zenocrate the Fighter (level 11, -9/80 HPs)
             Began as an Octopode Earth Elementalist on Mar 28, 2024.
             Was an Initiate of Gozag.
             Mangled by a komodo dragon (33 damage)
             ... on level 1 of the Lair of Beasts.
             The game lasted 00:17:01 (14299 turns).

zenocrate the Fighter (OpEE)                       Turns: 14299, Time: 00:17:01

Health: -9/80      AC:  1    Str: 10    XL:     11   Next: 99%
Magic:  15/19      EV: 18    Int: 18    God:    Gozag
Gold:   776        SH:  0    Dex: 20    Spells: 11/21 levels left

rFire   . .          .
                       - Unarmed
rCold   . . .        (no shield)
rNeg    . . .        (helmet currently unavailable)
rPois   .            d - amulet of regeneration
rElec   .            k - ring of wizardry
rCorr   .            s - +6 ring of dexterity
SInv    .            (no ring)
Will    .....        (no ring)
Stlth   +++++        (no ring)
HPRegen 1.13/turn    (no ring)
MPRegen 0.16/turn    (no ring)
                     (no ring)

%: wizardry (x1)
@: beast-form, gold aura, very slightly contaminated, studying Short Blades
A: beast (slay +2), almost no armour, amphibious, 8 rings, camouflage 1,
gelatinous body 1, (nimble swimmer 1), tentacles, mutation resistance 1
a: Begin Untransformation, Renounce Religion, Potion Petition, Call Merchant,
Bribe Branch


You were on level 1 of the Lair of Beasts.
You worshipped Gozag.
Gozag was pleased with you.
You were a hulking beast.
You visited 3 branches of the dungeon, and saw 12 of its levels.

You collected 2191 gold pieces.
You spent 636 gold pieces at shops.
You paid 779 gold pieces to Gozag.

Inventory:

Missiles
 m - 2 throwing nets
Armour
 y - a +0 buckler
Magical Staves
 b - a staff of air
Jewellery
 d - an amulet of regeneration (around mantle)
 k - a ring of wizardry (left tentacle)
 s - a +6 ring of dexterity (right tentacle)
Talismans
 E - a beast talisman (active)
Wands
 g - a wand of warping (7)
 x - a wand of flame (18)
Scrolls
 c - a scroll of blinking
 e - 2 scrolls of fog {unknown}
 h - 2 scrolls of torment {unknown}
 i - 2 scrolls of amnesia {unknown}
 j - 2 scrolls of vulnerability
 l - 2 scrolls of noise {unknown}
 n - a scroll of enchant weapon {unknown}
 o - 2 scrolls of immolation {unknown}
 q - 3 scrolls of fear
 v - a scroll of enchant armour {unknown}
 z - 2 scrolls of identify
 A - 2 scrolls of revelation {unknown}
 C - a scroll of poison {unknown}
 D - a scroll of brand weapon {unknown}
Potions
 a - 2 potions of magic
 f - 2 potions of enlightenment
 p - 2 potions of might
 r - 3 potions of brilliance
 t - 2 potions of curing
 u - 2 potions of heal wounds {unknown}
 w - a potion of cancellation
 B - 2 potions of lignification


   Skills:
 + Level 9.2 Fighting
 - Level 8.4 Dodging
 - Level 8.0 Stealth
 + Level 9.0 Unarmed Combat
 - Level 5.5 Spellcasting
 - Level 1.0 Conjurations
 - Level 3.0 Earth Magic
 - Level 6.8 Evocations
 + Level 4.6 Shapeshifting


You had 11 spell levels left.
You knew the following spells:

 Your Spells              Type           Power      Damage    Failure   Level
a - Stone Arrow           Conj/Erth      24%        3d8       7%          3
b - Sandblast             Erth           30%        2d9       1%          1
m - Apportation           Tloc           8%         N/A       5%          1
x - Blink                 Tloc           8%         N/A       8%          2
z - Passwall              Erth           15%        N/A       4%          3

Your spell library contained the following spells:

 Spells                   Type           Power      Damage    Failure   Level
 Sting                    Conj/Alch      24%        1d4       4%          1
 Freeze                   Ice            16%        1d4       5%          1
 Necrotise                Necr           16%        1d4       5%          1
 Summon Small Mammal      Summ           16%        N/A       5%          1
 Momentum Strike          Conj/Tloc      12%        3d8       6%          2
 Static Discharge         Conj/Air       12%        3-4/arc   6%          2
 Lesser Beckoning         Tloc           8%         N/A       8%          2
 Hailstorm                Conj/Ice       6%         3d5       12%         3
 Frozen Ramparts          Ice            8%         1d2       16%         3
 Summon Ice Beast         Ice/Summ       4%         N/A       16%         3
 Brom's Barrelling Bould  Conj/Erth      12%        2d4       22%         4
 Leda's Liquefaction      Alch/Erth      5%         N/A       26%         4
 Petrify                  Alch/Erth      10%        N/A       26%         4
 Airstrike                Air            2%         2d(1-17)  43%         4
 Summon Lightning Spire   Summ/Air       4%         N/A       43%         4
 Metabolic Englaciation   Hex/Ice        2%         N/A       77%         5
 Summon Mana Viper        Hex/Summ       4%         N/A       77%         5
 Permafrost Eruption      Ice/Erth       5%         2x4d3     98%         6
 Sculpt Simulacrum        Ice/Alch       2%         N/A       99%         6
 Monstrous Menagerie      Summ           2%         N/A       100%        7


Dungeon Overview and Level Annotations

Branches:
Dungeon (10/15)            Temple (1/1) D:6            Lair (1/5) D:10
    Orc (0/2) D:10

Altars:
Ashenzari
Cheibriados
Dithmenos
Elyvilon
Fedhas
Gozag
Hepliaklqana
Kikubaaqudgha
Makhleb
Nemelex Xobeh
Okawaru
Qazlal
Ru
Sif Muna
Trog
Uskayaw
Vehumet
Wu Jian
Xom
Yredelemnul
Zin
The Shining One

Shops:
D:10 :=!

Annotations:
D:7 1 runed translucent door, porpoise's ghost, novice MDFi


Innate Abilities, Weirdness & Mutations

You are a hulking beast.
Your limbs bulge with bestial killing power. (Slay +2)
You cannot wear most types of armour.
You are amphibious.
You can wear up to eight rings at the same time.
Your skin changes colour to match your surroundings (Stealth+).
Your rubbery body absorbs attacks. (AC +1, EV +1)
((You are camouflaged when in or above water. (Stealth+)))
You have tentacles for arms and can constrict up to eight enemies at once.
You are somewhat resistant to further mutation.


Message History

* * * LOW HITPOINT WARNING * * *
Casting: Stone Arrow (dangerous; 7% risk of failure)
Confirm with . or Enter, or press ? or * to list all spells.
Aiming: Stone Arrow (dangerous; 7% risk of failure)
Press: ? - help, Shift-Dir - straight line, f - komodo dragon, p - yak
Aim: a komodo dragon (77% to hit)
Okay, then.
Okay, then.
Okay, then.
You completely miss the yak.
The yak is heavily wounded.
The yak closely misses you.
Unknown command.
You tentacle-slap the yak.
The yak is severely wounded.
The yak gores you!
* * * LOW HITPOINT WARNING * * *
Unknown command.
You feel better. The yak closely misses you.
You feel better. The yak barely misses you.
Okay, then.
You bludgeon the yak! You squeeze the yak, but do no damage.
The yak is almost dead.
Unknown command.
You bludgeon the yak!
You kill the yak!
Unknown command.
You bludgeon the komodo dragon!
You squeeze the komodo dragon, but do no damage.
The komodo dragon is moderately wounded.
The komodo dragon closely misses you.
Unknown command.
You barely miss the komodo dragon. Your squeeze misses the komodo dragon.
The komodo dragon is moderately wounded.
Unknown command.
You bludgeon the komodo dragon! Your squeeze misses the komodo dragon.
The komodo dragon is heavily wounded.
The komodo dragon bites you!!
You die...
Your body crumbles into a pile of gold.

..#######.........'..............
P..>....'.........####...........
P#.######.........# #...........
#### ####.#+P### #........... .#
####....## ###.######.# ##
#.....### ## #..# ##.#######
####..# ###...)...(#####
####....## ## ##..........lh..##
##.##..P##
.###..#....^...##...###........#
...........Y...###...##........#
.'.####........# ###....[......#
.### #.......## ###.+........#
..# ######PS##...####........#
### #.l.....# #####+####
#..$......# ##.# ......#l...##
##>.#


You could see a komodo dragon and a yak.

Vanquished Creatures
  A two-headed ogre (D:10)
  A cane toad (Lair:1)
  Maggie (D:7)
  A komodo dragon (Lair:1)
  4 trolls
  5 blink frogs (Lair:1)
  Prince Ribbit (D:6)
  2 shadows
  3 wraiths
  2 basilisks (Lair:1)
  24 yaks
  A vampire (D:10)
  A wyvern (D:8)
  A steam dragon (D:8)
  Menkaure (D:6)
  An acid dragon (D:10)
  4 water moccasins
  2 sky beasts
  2 orc warriors
  4 black bears
  3 ogres
  4 centaurs
  A phantom (D:6)
  A kobold brigand (D:6)
  5 bullfrogs
  A gnoll sergeant (D:9)
  2 scorpions
  12 wights
  6 killer bees (D:7)
  A howler monkey (D:5)
  2 electric eels (Lair:1)
  4 crimson imps (D:10)
  A bombardier beetle (D:4)
  3 jellies (D:6)
  3 hounds
  4 iguanas
  5 sleepcaps
  6 orc wizards
  5 gnolls
  9 adders
  7 white imps
  2 ribbon worms
  19 orcs
  12 endoplasms
  6 giant cockroaches
  8 goblins
  7 hobgoblins
  2 jackals (D:3)
  16 kobolds
  6 quokkas
  9 ball pythons
  6 bats
  6 frilled lizards
  8 rats
254 creatures vanquished.

Notes
Turn   | Place    | Note
-------+----------+-------------------------------------------
     0 | D:1      | zenocrate the Octopode Earth Elementalist began the quest
                  | for the Orb.
     0 | D:1      | Reached XP level 1. HP: 11/11 MP: 3/3
   187 | D:1      | Reached XP level 2. HP: 18/18 MP: 3/5
   230 | D:1      | Found a faded altar of an unknown god.
   281 | D:1      | Reached skill level 1 in Fighting
   345 | D:1      | Reached skill level 1 in Unarmed Combat
   377 | D:1      | Learned a level 1 spell: Apportation
   388 | D:1      | Reached XP level 3. HP: 23/23 MP: 6/6
   533 | D:1      | Learned a level 3 spell: Stone Arrow
  1161 | D:2      | Reached XP level 4. HP: 27/29 MP: 7/7
  1855 | D:3      | Found a burning altar of Makhleb.
  1918 | D:3      | Found a radiant altar of Vehumet.
  2016 | D:3      | Reached skill level 1 in Evocations
  2038 | D:3      | Found the +15 Maxwell's patent armour {-Cast -Tele rElec
                  | Will+ rCorr}
  2044 | D:3      | Reached XP level 5. HP: 34/35 MP: 8/8
  2526 | D:3      | Found an opulent altar of Gozag.
  2529 | D:3      | Found a stormy altar of Qazlal.
  2535 | D:3      | Became a worshipper of Gozag Ym Sagoz the Greedy
  2847 | D:4      | Noticed a black bear
  2862 | D:4      | Killed a black bear
  2863 | D:4      | Reached XP level 6. HP: 7/42 MP: 6/9
  3060 | D:4      | Found a hide-covered altar of Uskayaw.
  3651 | D:4      | Learned a level 3 spell: Passwall
  3669 | D:5      | Entered Level 5 of the Dungeon
  3761 | D:5      | Reached skill level 5 in Stealth
  3761 | D:5      | Reached XP level 7. HP: 47/47 MP: 0/10
  4520 | D:5      | Reached XP level 8. HP: 54/54 MP: 1/11
  4839 | D:6      | Noticed Prince Ribbit
  4850 | D:6      | Killed Prince Ribbit
  4980 | D:6      | Found a staircase to the Ecumenical Temple.
  5165 | D:6      | Noticed Menkaure
  5168 | D:6      | Killed Menkaure
  5360 | Temple   | Entered the Ecumenical Temple
  5621 | D:6      | Reached skill level 5 in Fighting
  5764 | D:6      | Found a hazy altar of Hepliaklqana.
  5774 | D:6      | Reached skill level 5 in Dodging
  5774 | D:6      | Reached XP level 9. HP: 61/61 MP: 5/12
  6537 | D:7      | Reached skill level 5 in Unarmed Combat
  6660 | D:7      | Reached skill level 5 in Evocations
  6835 | D:7      | HP: 3/62 [poisoned by an orc]
  7110 | D:7      | HP: 1/81 [wight/+3 spear (4)]
  7144 | D:7      | Noticed Maggie
  7302 | D:7      | Killed Maggie
  7699 | D:7      | Found a shimmering blue altar of Sif Muna.
  7941 | D:7      | Reached XP level 10. HP: 23/68 MP: 7/16
  7946 | D:7      | HP: 2/68 [sleepcap (16)]
  8220 | D:7      | Found a runed translucent door.
  9004 | D:7      | Noticed porpoise's ghost (novice MDFi)
  9906 | D:8      | Reached skill level 5 in Spellcasting
 11089 | D:9      | Found a basalt altar of Yredelemnul.
 11215 | D:9      | Reached XP level 11. HP: 59/70 MP: 8/19
 11301 | D:9      | Found a broken altar of Ashenzari.
 11691 | D:10     | Entered Level 10 of the Dungeon
 11702 | D:10     | Found Effoddar's Jewellery Emporium.
 11731 | D:10     | Found a staircase to the Lair.
 11854 | D:10     | Found a sacrificial altar of Ru.
 12016 | D:10     | Reached skill level 1 in Shapeshifting
 12611 | D:10     | Found Nerokliv's Distillery.
 12702 | D:10     | Found Qounozae's Book Boutique.
 12704 | D:10     | Bought a potion of curing for 45 gold pieces
 12704 | D:10     | Bought a potion of curing for 45 gold pieces
 12704 | D:10     | Bought a potion of lignification for 45 gold pieces
 12704 | D:10     | Bought a potion of brilliance for 60 gold pieces
 12704 | D:10     | Bought a potion of mutation for 120 gold pieces
 12704 | D:10     | Bought a potion of might for 60 gold pieces
 12704 | D:10     | Bought a potion of curing for 45 gold pieces
 12710 | D:10     | Bought a book of Spatial Translocations for 216 gold pieces
 12713 | D:10     | Learned a level 2 spell: Blink
 12725 | D:10     | Found a staircase to the Orcish Mines.
 12930 | D:10     | Noticed a two-headed ogre
 12938 | D:10     | Killed a two-headed ogre
 13141 | D:10     | Found a white marble altar of Elyvilon.
 13400 | Lair:1   | Entered Level 1 of the Lair of Beasts
 13426 | Lair:1   | Gained mutation: You are somewhat resistant to further
                  | mutation. [potion of mutation]
 14299 | Lair:1   | Mangled by a komodo dragon

Illustrated notes

Levels and vault maps discovered:
D:1:      noname_arrival_rooms_in_the_neighbourhood, layout_basic,
          hellmonk_ecumenical_altar_zigzags
D:2:      layout_basic
D:3:      layout_loops_corners, bloody_makhleb, overflow_temple_1_default,
          jmf_multi_god_temple2, minmay_checkerbox
D:4:      layout_rooms, eat_drink_and_be_merry_uskayaw
D:5:      layout_basic
D:6:      layout_loops_corners, mainiacjoe_overflow_surrounded_room,
          minmay_temple_entry_sparse_star, uniq_menkaure, uniq_prince_ribbit1
D:7:      layout_layer_cave, led_sif_pool, ebering_ghost_reflecting_pool,
          minmay_manual_mess, uniq_maggie
D:8:      layout_loops_ring
D:9:      layout_loops_ring, overflow_temple_1_default,
          mainiacjoe_overflow_24_doors, serial_library_hellmonk_hallway_a,
          minmay_holes, hangedman_decor_diamond_cutter
D:10:     layout_basic, nicolae_ru_awakened_eye, mainiacjoe_overflow_alcove_4,
          lair_entry_dummy, orc_0_dummy, serial_shops, shop, shop,
          nicolae_shop_tiny_waterfront, minmay_fire_ice_demons
Temple:   bh_familiar_temple
Lair:1:   layout_roguey, enter_volcano_1, serial_bayou_lagoon_b

Skill      XL: |  1  2  3  4  5  6  7  8  9 10 11 |
---------------+----------------------------------+-----
Stealth        | 3 4 5 6 8 |  8.0
Fighting       | 1 2 3 4 5 6 7 9 |  9.2
Unarmed Combat | 1 2 3 4 5 7 9 |  9.0
Evocations     | 1 2 3 4 5 6 |  6.8
Dodging        | 3 4 5 6 8 |  8.4
Spellcasting   | 4 5 |  5.5
Shapeshifting  | 4 |  4.6
Conjurations   | |  1.0
Earth Magic    | |  3.0

Action                     |  1- 3 |  4- 6 |  7- 9 | 10-12 || total
---------------------------+-------+-------+-------+-------++-------
  Melee: Unarmed           |    73 |    98 |   140 |   261 ||   572
         Constrict         |    22 |    28 |    34 |    40 ||   124
         Tentacles         |    10 |    23 |    40 |    82 ||   155
         Punch             |     1 |     1 |    10 |    19 ||    31
   Cast: Sandblast         |    15 |    14 |     2 |       ||    31
         Stone Arrow       |       |     8 |    52 |   126 ||   186
 Invoke: Potion Petition   |       |       |       |     3 ||     3
  Evoke: Wand              |       |       |     7 |     9 ||    16
    Use: Scroll            |       |     5 |     3 |     8 ||    16
         Potion            |       |     1 |     1 |     4 ||     6
   Stab: Sleeping          |    12 |    16 |     3 |     8 ||    39
         Distracted        |       |     1 |     3 |     5 ||     9
 Armour: Skin              |    31 |    56 |    90 |   146 ||   323
  Dodge: Dodged            |    41 |    45 |   100 |   204 ||   390
   Form: Beast             |       |       |       |     1 ||     1

Table legend: (Time is in decaauts)
 A = Elapsed time spent in this place.
 B = Non-inter-level travel time spent in this place.
 C = Inter-level travel time spent in this place.
 D = Time resting spent in this place.
 E = Time spent auto-exploring this place.
 F = Levels seen in this place.
 G = Mean time per level.
                   A        B        C        D        E       F      G
               +--------+--------+--------+--------+--------+-----+--------+
         Total |  14308 |  14048 |    260 |     73 |  11822 |  12 | 1192.3 |
       Dungeon |  13423 |  13163 |    260 |     73 |  11217 |  10 | 1342.3 |
        Temple |      1 |      1 |      0 |      0 |      0 |   1 |    1.0 |
          Lair |    884 |    884 |      0 |      0 |    605 |   1 |  884.0 |
               +--------+--------+--------+--------+--------+-----+--------+

Top non-repeatable levels by time:
     D:7: 2308 daAuts
     D:6: 1972 daAuts
     D:8: 1656 daAuts
    D:10: 1591 daAuts
     D:9: 1133 daAuts
     D:5: 1069 daAuts
     D:2: 1060 daAuts
     D:3: 942 daAuts
     D:4: 887 daAuts
  Lair:1: 884 daAuts
     D:1: 801 daAuts
  Temple: 1 daAuts
